 Dungeon Sprint DCSS version 0.30-a0-1043-g60ff8d5f49 (webtiles) character file.

Game seed: 13377383373997290056

4900000 Danienth the Intangible (level 20, -21/178 HPs)
             Began as a Djinni Gladiator on Apr 9, 2023.
             Was the Champion of Makhleb.
             Demolished by The Servant
             ... wielding a +9 glaive of flaming
              (100 damage)
             ... in the Dungeon (Sprint VIII: "Arena of Blood").
             The game lasted 00:05:48 (49 turns).

Danienth the Intangible (Djinni Gladiator)            Turns: 49, Time: 00:05:51

Health: -21/178    AC:  8    Str: 17    XL:     20   Next: 4%
Gold:   0          EV: 28    Int: 14    God:    Makhleb [******] SH:  0 Dex: 16

rFire   + + .      SeeInvis .    k - +∞ Axe of Woe
rCold   x . .      Faith    .    (shield currently unavailable)
rNeg    . . .      Spirit   .    b - +0 leather armour
rPois   ∞          Reflect  .    c - +0 helmet
rElec   .          Rampage  .    (no cloak)
rCorr   .          NoTele   +    (no gloves)
Will    ++...                    (boots unavailable)
Stlth   +                        (no amulet)
HPRegen 0.49/turn                l - +30 ring of slaying
MPRegen 0.00/turn                n - +30 ring of slaying

@: flying, hasted, very quick
A: sickness immunity, fire resistance 2, cold vulnerability 1, float, innate
caster, HP casting, extra vitality 1
a: Renounce Religion, Minor Destruction, Lesser Servant of Makhleb, Major
Destruction, Greater Servant of Makhleb


You were in the Dungeon.
You worshipped Makhleb.
Makhleb was exalted by your worship.
You visited 1 branch

Inventory:

Hand Weapons
 a - a +0 war axe
 k - the +∞ Axe of Woe (weapon)
   (You found it in the Dungeon)
 m - a +9 battleaxe
 o - a +9 war axe
Missiles
 d - 3 throwing nets (quivered)
 e - a javelin
Armour
 b - a +0 leather armour (worn)
 c - a +0 helmet (worn)
Jewellery
 l - a +30 ring of slaying (left hand)
 n - a +30 ring of slaying (right hand)
Scrolls
 j - a scroll of blinking
Potions
 f - a potion of curing
 i - a potion of berserk rage


   Skills:
 + Level 26.0 Fighting
 O Level 27 Axes
 + Level 18.7 Throwing
 O Level 27 Armour
 O Level 27 Dodging
 * Level 21.8 Spellcasting


You knew the following spells:

 Your Spells              Type           Power      Damage    Failure   Level
a - Necrotise             Necr           100%       1d9       0%          1
b - Static Discharge      Conj/Air       100%       2-7/arc   0%          2
c - Tukima's Dance        Hex            66%        N/A       0%          3
d - Call Canine Familiar  Summ           66%        N/A       0%          3
e - Blade Hands           Tmut           33%        N/A       0%          5
f - Alistair's Intoxicat  Tmut/Pois      44%        N/A       0%          5
g - Eringya's Noxious Bo  Tmut/Pois      33%        N/A       1%          6
h - Monstrous Menagerie   Summ           33%        N/A       1%          7
i - Conjure Ball Lightni  Conj/Air       33%        3x3d11    1%          6
Your spell library was empty.

Dungeon Overview and Level Annotations

Branches:
Dungeon (1/1)

Altars:
Makhleb

Annotations:
D The Servant


Innate Abilities, Weirdness & Mutations

You are immune to sickness and miasma.
You are immune to poison.
Your flesh is very heat resistant. (rF++)
You are vulnerable to cold. (rC-)
You float through the air rather than walking.
You learn spells naturally, not from books.
Your magical power is your life essence.
You have superior vitality. (+4 MHP)


Message History

You feel better.
You chop the bag of meat into pieces!!!
You pulverise the bag of meat into a thin bloody mist.
You blow up the bag of meat!
Makhleb accepts your kill.
You feel better.
You are engulfed in blazing flames.
You resist.
The eight-headed meat hydra is engulfed in blazing flames.
The destroyer gestures at you while chanting.
The destroyer blinks!
You hear a shout! x3
You have reached level 20!
You feel clever.
You hack one of the eight-headed meat hydra's heads off!
The seven-headed meat hydra grows two more!
You slice the nine-headed meat hydra!!
You slaughter the nine-headed meat hydra joyfully.
You kill the nine-headed meat hydra!
Makhleb accepts your kill.
You feel better.
You are engulfed in blazing flames.
You resist.
You hear a shout!
A meat berserker comes into view. It is wielding a +9 battleaxe.
You hear a shout!
The Servant hits you from afar with a +9 glaive of flaming!!!!
The Servant burns you.
You hear a shout! x3
Your Fighting skill increases to level 26!
Cast which spell? (? or * to list)
You create some ball lightning! 3 ball lightnings come into view.
You are engulfed in blazing flames.
You resist.
You hear a shout! x3
A sculptor of flesh comes into view. It is wielding a +9 great sword.
You hear a shout! x5
You are engulfed in blazing flames.
You resist.
You hear a shout!
A meat berserker comes into view. It is wielding a +9 battleaxe.
You hear a shout!
The sculptor of flesh is engulfed in blazing flames.
The Servant hits you from afar with a +9 glaive of flaming!!!!
Ouch! That really hurt!
You die...

..... .. #... o#
. #... ..#
..###..z ..###.
.....V###......
...*°_......
#)§...# #@§<._#
#z*)..#
#.....@○)*....O.
...O...o###O.....
...###... ..###.
.. #... ..# #....
.# ..... ..
.......


You could see The Servant, a destroyer (ally target), 2 sculptors of flesh, 2
meat berserkers, a bag of meat and 3 friendly ball lightnings.

Vanquished Creatures
  2 vampire knights (D)
  9 ogres (D)
  4 two-headed ogres (D)
  A hydra (D)
  17 orcs (D)
33 creatures vanquished.

Notes
Turn   | Place    | Note
-------+----------+-------------------------------------------
     0 | D        | Found the +∞ Axe of Woe
     0 | D        | Danienth the Djinni Gladiator began the quest for the Orb.
     0 | D        | Reached XP level 1. HP: 18/18 MP: 0/0
     1 | D        | Noticed a meat berserker
     2 | D        | Noticed a bag of meat
     3 | D        | Noticed a bag of meat
     3 | D        | Noticed a bag of meat
     4 | D        | Killed a meat berserker
     4 | D        | Noticed a bag of meat
     4 | D        | Noticed a bag of meat
     5 | D        | Reached skill level 10 in Fighting
     5 | D        | Reached XP level 2. HP: 36/36 MP: 0/0
     5 | D        | Reached XP level 3. HP: 41/41 MP: 0/0
     5 | D        | Learned a level 1 spell: Necrotise
     5 | D        | Reached XP level 4. HP: 47/47 MP: 0/0
     5 | D        | Reached XP level 5. HP: 52/52 MP: 0/0
     5 | D        | Learned a level 2 spell: Static Discharge
     5 | D        | Reached XP level 6. HP: 58/58 MP: 0/0
     5 | D        | Reached XP level 7. HP: 64/64 MP: 0/0
     5 | D        | Learned a level 3 spell: Tukima's Dance
     5 | D        | Reached XP level 8. HP: 69/69 MP: 0/0
     5 | D        | Reached XP level 9. HP: 75/75 MP: 0/0
     5 | D        | Learned a level 3 spell: Call Canine Familiar
     5 | D        | Reached XP level 10. HP: 81/81 MP: 0/0
     5 | D        | Reached XP level 11. HP: 86/86 MP: 0/0
     5 | D        | Learned a level 5 spell: Blade Hands
     5 | D        | Reached XP level 12. HP: 92/92 MP: 0/0
     9 | D        | Killed a bag of meat
     9 | D        | Killed a bag of meat
    10 | D        | Reached XP level 13. HP: 101/101 MP: 0/0
    10 | D        | Learned a level 5 spell: Alistair's Intoxication
    10 | D        | Killed a bag of meat
    11 | D        | Reached skill level 10 in Throwing
    11 | D        | Reached XP level 14. HP: 108/108 MP: 0/0
    13 | D        | Noticed a meat berserker
    14 | D        | Noticed a meat berserker
    15 | D        | Noticed a bag of meat
    16 | D        | Noticed a bag of meat
    16 | D        | Killed a bag of meat
    17 | D        | Killed a meat berserker
    17 | D        | Noticed a meat berserker
    18 | D        | Reached skill level 5 in Spellcasting
    18 | D        | Reached XP level 15. HP: 116/116 MP: 0/0
    18 | D        | Learned a level 6 spell: Eringya's Noxious Bog
    18 | D        | Killed a meat berserker
    20 | D        | Became a worshipper of Makhleb the Destroyer
    22 | D        | Killed a meat berserker
    23 | D        | Reached skill level 10 in Armour
    23 | D        | Reached XP level 16. HP: 124/124 MP: 0/0
    24 | D        | Reached * piety under Makhleb
    24 | D        | Noticed a large bag of meat
    25 | D        | Reached skill level 15 in Fighting
    25 | D        | Noticed a large bag of meat
    26 | D        | Killed a large bag of meat
    27 | D        | Reached skill level 27 in Dodging
    27 | D        | Noticed a large bag of meat
    28 | D        | Noticed an eight-headed meat hydra
    29 | D        | Noticed a meat berserker
    29 | D        | Noticed The Servant
    30 | D        | Noticed a large bag of meat
    30 | D        | Noticed a meat berserker
    31 | D        | Killed a large bag of meat
    32 | D        | Reached skill level 27 in Axes
    32 | D        | Reached XP level 17. HP: 112/135 MP: 0/0
    32 | D        | Learned a level 7 spell: Monstrous Menagerie
    32 | D        | Killed a large bag of meat
    32 | D        | Reached ** piety under Makhleb
    32 | D        | Noticed a meat berserker
    34 | D        | Reached *** piety under Makhleb
    35 | D        | Reached skill level 15 in Throwing
    35 | D        | Reached skill level 15 in Spellcasting
    35 | D        | Reached XP level 18. HP: 39/148 MP: 0/0
    35 | D        | Noticed a meat berserker
    37 | D        | Killed a meat berserker
    37 | D        | Killed a meat berserker
    37 | D        | Noticed a destroyer
    37 | D        | Noticed a meat berserker
    38 | D        | Reached **** piety under Makhleb
    38 | D        | Noticed a sculptor of flesh
    39 | D        | Killed a meat berserker
    39 | D        | Noticed a destroyer
    41 | D        | Reached ***** piety under Makhleb
    41 | D        | Killed a destroyer
    42 | D        | Reached XP level 19. HP: 147/165 MP: 0/0
    42 | D        | Learned a level 6 spell: Conjure Ball Lightning
    42 | D        | Noticed a destroyer
    43 | D        | Killed a meat berserker
    43 | D        | Killed a destroyer
    44 | D        | Killed a meat berserker
    44 | D        | Killed a large bag of meat
    44 | D        | Reached ****** piety under Makhleb
    45 | D        | Reached skill level 27 in Armour
    47 | D        | Reached XP level 20. HP: 154/177 MP: 0/0
    47 | D        | Killed a nine-headed meat hydra
    47 | D        | Noticed a meat berserker
    49 | D        | Noticed a meat berserker
    49 | D        | Demolished by The Servant

Illustrated notes

Levels and vault maps discovered:
D:        meatsprint

Skill      XL: |  1  2  3  4  5  6  7  8  9 10 11 12 13 14 15 16 17 18 19 20 |
---------------+-------------------------------------------------------------+-----
Fighting       | 10 12 13 14 16 19 23 25 26 | 26.0
Axes           | 16 19 22 24 27 | 27.0
Throwing       | 8 9 10 11 12 13 15 17 18 | 18.7
Dodging        | 20 22 23 25 26 27 | 27.0
Armour         | 7 10 14 19 25 27 | 27.0
Spellcasting   | 5 8 11 15 19 21 | 21.8

Action                     |  1- 3 |  4- 6 |  7- 9 | 10-12 | 13-15 | 16-18 | 19-21 || total
---------------------------+-------+-------+-------+-------+-------+-------+-------++-------
  Melee: Executioner's axe |     1 |       |       |     1 |     5 |    10 |     5 ||    22
   Cast: Conjure Ball Ligh |       |       |       |       |       |       |     1 ||     1
    Use: Potion            |       |       |       |       |       |     2 |       ||     2
  Dodge: Dodged            |       |       |       |       |       |     1 |     1 ||     2

Table legend: (Time is in decaauts)
 A = Elapsed time spent in this place.
 B = Non-inter-level travel time spent in this place.
 C = Inter-level travel time spent in this place.
 D = Time resting spent in this place.
 E = Time spent auto-exploring this place.
 F = Levels seen in this place.
 G = Mean time per level.
                   A        B        C        D        E       F      G
               +--------+--------+--------+--------+--------+-----+--------+
         Total |     40 |     40 |      0 |      0 |      0 |   1 |   40.0 |
       Dungeon |     40 |     40 |      0 |      0 |      0 |   1 |   40.0 |
               +--------+--------+--------+--------+--------+-----+--------+

Top non-repeatable levels by time:
       D: 40 daAuts
